 Dungeon Crawl Stone Soup version 0.27.0-1-g7a089689b8 (webtiles) character file.

Game seed: 13107741012724493748

177 Anothat the Skirmisher (level 5, -8/48 HPs)
             Began as a Ghoul Monk on Aug 8, 2021.
             Was an Elder of Makhleb.
             Mangled by a kobold brigand (16 damage)
             ... in a sewer.
             The game lasted 00:05:23 (2921 turns).

Anothat the Skirmisher (Ghoul Monk)                 Turns: 2921, Time: 00:05:23

Health: -8/48      AC:  9    Str: 16    XL:     5   Next: 57%
Magic:  4/4        EV:  9    Int:  5    God:    Makhleb [****..]
Gold:   94         SH:  5    Dex: 11    Spells: 4/4 levels left

rFire    . . .     SeeInvis .     - Unarmed
rCold    + . .     Faith    .   f - +2 buckler {AC+3}
rNeg     + + +     Spirit   .   j - +0 scale mail
rPois    ∞         Reflect  .   k - +0 hat
rElec    .         Harm     .   (no cloak)
rCorr    .         Rampage  .   (no gloves)
Will     .....                  (no boots)
Stlth    +.........             (no amulet)
HPRegen  0.00/turn              (no ring)
MPRegen  0.09/turn              (no ring)

@: inhibited regen
A: claws 1, cold resistance 1, negative energy resistance 3, inhibited
regeneration, torment resistance 2
a: Renounce Religion, Minor Destruction, Lesser Servant of Makhleb, Major
Destruction


You were in a sewer.
You worshipped Makhleb.
Makhleb was greatly pleased with you.
You visited 1 branch of the dungeon, and saw 4 of its levels.
You also visited: Sewer.

You collected 94 gold pieces.

Inventory:

Missiles
 b - 85 stones (quivered)
Armour
 a - a +0 robe
 c - a +0 leather armour
 f - a +2 buckler of protection (worn)
 j - a +0 scale mail (worn)
 k - a +0 hat (worn)
Jewellery
 n - the amulet "Jitev" {Faith rF+ Regen+ Int-2 Dex+2}
   (You found it on level 4 of the Dungeon)

   [amulet of faith]

   It allows you to gain divine favour quickly.
   Int:       It affects your intelligence (-2).
   Dex:       It affects your dexterity (+2).
   rF:        It protects you from fire.
   Regen:     It increases your rate of health regeneration.
 o - a ring of willpower
Scrolls
 d - 2 scrolls of torment {unknown}
 e - a scroll of brand weapon {unknown}
 g - a scroll of silence {unknown}
 l - 2 scrolls of immolation
Potions
 h - a potion of ambrosia {unknown}
 i - a potion of heal wounds {unknown}
 m - 2 potions of degeneration
 p - a potion of attraction {unknown}
 q - a potion of brilliance {unknown}


   Skills:
 * Level 5.5 Fighting
 - Level 2.9 Dodging
 - Level 2.5 Stealth
 - Level 0.2 Shields
 - Level 4.5 Unarmed Combat


You had 4 spell levels left.
You didn't know any spells.
Your spell library was empty.

Dungeon Overview and Level Annotations

Branches:
Dungeon (4/15)              Sewer (1/1)
 Temple: D:4-7

Altars:
Makhleb
Uskayaw
Zin


Innate Abilities, Weirdness & Mutations

You thrive by killing the living.
You are immune to poison.
You have sharp fingernails.
Your flesh is cold resistant. (rC+)
You are immune to negative energy. (rN+++)
You do not regenerate when monsters are visible.
You are immune to unholy pain and torment.


Message History

The kobold brigand is moderately wounded.
The kobold brigand closely misses you. The kobold closely misses you.
You scratch the kobold brigand but do no damage.
The kobold brigand is moderately wounded.
The kobold brigand hits you with a +1 whip of electrocution.
The kobold hits you but does no damage.
You scratch the kobold brigand but do no damage.
The kobold brigand is moderately wounded.
You block the kobold brigand's attack. You block the kobold's attack.
You barely miss the kobold brigand.
The kobold brigand is moderately wounded.
The kobold brigand hits you with a +1 whip of electrocution!
You block the kobold's attack.
You are too injured to fight recklessly!
Okay, then.
You scratch the kobold.
The kobold is moderately wounded.
The kobold brigand barely misses you. You block the kobold's attack.
You scratch the kobold.
You kill the kobold!
Makhleb accepts your kill.
You feel better. The kobold brigand barely misses you.
You scratch the kobold brigand.
The kobold brigand is heavily wounded.
The kobold brigand hits you with a +1 whip of electrocution!
You scratch the kobold brigand.
The kobold brigand is severely wounded.
The kobold brigand barely misses you.
You scratch the kobold brigand.
The kobold brigand is severely wounded.
The kobold brigand closely misses you.
You claw the kobold brigand!
The kobold brigand is almost dead.
The kobold brigand hits you with a +1 whip of electrocution!
* * * LOW HITPOINT WARNING * * *
You miss the kobold brigand.
The kobold brigand is almost dead.
The kobold brigand hits you but does no damage.
You are electrocuted!
You die...

.≈ ≈≈≈
≈≈≈#################
≈≈≈≈≈≈≈≈≈≈≈≈≈≈≈≈≈≈≈#
≈≈≈≈≈≈≈≈≈≈≈≈≈≈≈≈≈≈≈#
≈≈≈≈≈≈≈≈≈≈≈≈≈≈≈≈≈≈≈#
#######≈≈########'###
.....≈P≈≈≈.#....#...#
.....≈≈P≈.@K.!∩[#.∩.#
.........P.)....#.∩.#
...........#!...#####
.........########
#.....##.# ###### ###


You could see a kobold brigand.

Vanquished Creatures
  Terence (D:2)
  3 gnolls (D:2)
  6 adders
  A worm (D:2)
  A dart slug (D:1)
  2 orcs (D:3)
  6 endoplasms
  4 giant cockroaches
  5 goblins
  4 hobgoblins
  4 jackals
  3 quokkas
  5 ball pythons
  3 bats (D:1)
  6 frilled lizards
  6 kobolds
  10 rats
70 creatures vanquished.

Notes
Turn   | Place    | Note
-------+----------+-------------------------------------------
     0 | D:1      | Anothat the Ghoul Monk began the quest for the Orb.
     0 | D:1      | Reached XP level 1. HP: 19/19 MP: 0/0
   320 | D:1      | Found a faded altar of an unknown god.
   342 | D:1      | Became a worshipper of Makhleb the Destroyer
   342 | D:1      | Reached * piety under Makhleb
   342 | D:1      | Reached ** piety under Makhleb
   498 | D:1      | Reached XP level 2. HP: 26/26 MP: 1/1
   620 | D:1      | Reached *** piety under Makhleb
  1023 | D:1      | Reached XP level 3. HP: 21/33 MP: 2/2
  1156 | D:2      | Reached skill level 4 in Fighting
  1316 | D:2      | Reached XP level 4. HP: 26/41 MP: 3/3
  1651 | D:2      | Reached skill level 5 in Fighting
  1758 | D:2      | Noticed Terence
  1770 | D:2      | Killed Terence
  1771 | D:2      | Reached XP level 5. HP: 34/48 MP: 4/4
  2486 | D:3      | Reached **** piety under Makhleb
  2778 | D:4      | Identified the amulet "Jitev" {Faith rF+ Regen+ Int-2
                  | Dex+2}
  2820 | D:4      | Found a hide-covered altar of Uskayaw.
  2875 | D:4      | Found a glowing drain.
  2883 | Sewer    | Entered a sewer
  2907 | Sewer    | Noticed a kobold brigand
  2921 | Sewer    | Mangled by a kobold brigand

Illustrated notes

Levels and vault maps discovered:
D:1:      minmay_arrival_split_and_join, layout_loops_cross,
          shapermc_ecumenical_altar_mp_ritualfount, minmay_misc_feat_x
D:2:      layout_rooms, uniq_terence
D:3:      layout_rooms, dk_vineyard_2
D:4:      layout_gridville, mainiacjoe_overflow_large_starburst,
          portal_sewer_entry_b, minmay_misc_feat_tower, minmay_distorted,
          uniq_crazy_yiuf_cottage, uniq_pikel
Sewer:    kennysheep_pipe_town

Skill      XL: |  1  2  3  4 |
---------------+-------------+-----
Fighting       | 4 5 |  5.5
Unarmed Combat | 4 |  4.5
Dodging        | |  2.9
Stealth        | |  2.5
Shields        | |  0.2

Action                   |  1- 3 |  4- 6 || total
-------------------------+-------+-------++-------
Melee: Unarmed           |   105 |   139 ||   244
Throw: Stone             |     2 |       ||     2
  Use: Scroll            |       |     8 ||     8
 Stab: Sleeping          |     3 |       ||     3
Armor: Leather armour    |    27 |       ||    27
       Robe              |     1 |       ||     1
       Scale mail        |       |    55 ||    55
Dodge: Dodged            |    73 |    50 ||   123
Block: Buckler           |       |    12 ||    12
